 Dungeon Crawl Stone Soup version 0.16.1-18-g436b03c (webtiles) character file.

11149 drasked the Cleaver (level 11, 0/67 HPs)
             Began as a Gargoyle Berserker on May 13, 2015.
             Was the Champion of Trog.
             Slain by an elephant (10 damage)
             ... on level 2 of the Lair of Beasts.
             The game lasted 00:11:42 (11163 turns).

drasked the Cleaver (Gargoyle Berserker)           Turns: 11163, Time: 00:11:43

Health: 0/67       AC: 17    Str: 24    XL:     11   Next: 73%
Magic:  11/11      EV:  8    Int:  8    God:    Trog [******]
Gold:   497        SH:  0    Dex:  9    Spells: 0 memorised, 10 levels left

rFire  . . .     SeeInvis +     f - +0 battleaxe
rCold  . . .     Clarity  .     p - +0 chain mail
rNeg   + + .     SustAb   .     (no shield)
rPois  ∞         Gourm    .     (no helmet)
rElec  +         Spirit   .     (no cloak)
rCorr  .         Warding  +     (no gloves)
rMut   .         Stasis   .     (no boots)
MR     .....                    i - amulet of warding
Stlth  ..........               y - ring of see invisible
                                w - +3 ring of slaying {mikee}

@: exhausted, about to teleport, slowed, very slow, not resistant to hostile
enchantments, extremely unstealthy
A: negative energy resistance 1, electricity resistance, unbreathing,
petrification resistance, rot immunity, AC +7
a: Burn Spellbooks, Berserk, Trog's Hand, Brothers in Arms, Renounce Religion


You were on level 2 of the Lair of Beasts.
You worshipped Trog.
Trog was exalted by your worship.
You were near starving.

You visited 2 branches of the dungeon, and saw 10 of its levels.
You also visited: Sewer.

You collected 497 gold pieces.


Innate Abilities, Weirdness & Mutations

You are resistant to torment.
You are immune to poison.
Your stone body is very resilient (AC +7).
You resist negative energy.
You are resistant to electric shocks.
You can survive without breathing.
You are immune to petrification.
You are immune to rotting.


   Skills:
 - Level 7.4 Fighting
 + Level 14.7 Axes
 - Level 5.4 Armour
 - Level 1.5 Dodging


You had 10 spell levels left.
You didn't know any spells.

Inventory:

Hand weapons
 f - a +0 battleaxe (weapon)
Armour
 p - a +0 chain mail (worn)
Jewellery
 i - an amulet of warding (around neck)
 n - an uncursed ring of fire
 w - a +3 ring of slaying (left hand) {mikee}
 y - a ring of see invisible (right hand)
Magical devices
 e - a wand of enslavement (11)
Scrolls
 b - a scroll of remove curse
 c - a scroll of identify
 d - 5 scrolls of recharging
Potions
 a - 5 potions of curing
 g - a potion of cure mutation
 h - a potion of cancellation {unknown}
 l - a potion of mutation {unknown}
 m - a potion of agility {unknown}
 o - 2 potions of haste
 q - a potion of brilliance {unknown}
 r - a potion of heal wounds
 x - a potion of resistance {unknown}
Comestibles
 k - 12 meat rations
 t - 9 bread rations
 A - 6 beef jerkies

Dungeon Overview and Level Annotations

Branches:
Dungeon (8/15)             Temple (0/1) D:4            Lair (2/8) D:8

Altars:
Ashenzari
Cheibriados
Fedhas
Gozag
Makhleb
Nemelex Xobeh
Ru
Sif Muna
Vehumet
Xom
Yredelemnul
Zin

Shops:
D:8 *

Annotations:
D:6 1 runed door


Message History

The elephant is severely wounded.
The elephant tramples you!
You stumble backwards!
Splash!
You fall into the shallow water.
Moving in this stuff is going to be slow.
You slash the elephant!
The elephant is severely wounded.
The elephant barely misses you.
The elephant trunk-slaps you but does no damage.
You hit the elephant but do no damage.
The elephant is severely wounded.
You are no longer berserk.
You are exhausted.
You feel yourself slow down.
You are near starving!
11163 ||| READING scroll of teleportation.
As you read the scroll of teleportation, it crumbles to dust.
You feel strangely unstable. The elephant tramples you!
You die...

#....# .....## . . #....#
..P..##..
.....##..%.####..~.~...#
((.(((/......##.~~~~~~~.
...............~~~~~~~~~
..............~~~~~~~~~
................~~~~..~~~
................Y~~~.>.~~
................@~~~~.~~~
.#....#.##.......~~~~~~~~
.##....##....##..~~~~~~~
....P..###...##P.~.~~~~~
.P#....###.........~.~~.
.##..........P#.....##.
..#.....#.....#......
......####....####...
..#..#.# ......#


You could see an elephant.

Vanquished Creatures
  A black mamba (Lair:1)
  4 elephants (Lair:2)
  2 spiny frogs
  A komodo dragon (Lair:2)
  3 blink frogs (Lair:1)
  A hungry ghost (D:8)
  11 yaks
  A wraith (D:7)
  2 wargs (D:8)
  3 water moccasins
  2 porcupines (Lair:1)
  3 sky beasts
  An orc warrior (D:8)
  4 phantoms
  2 ice beasts
  2 centaurs
  7 ogres
  The ghost of Emily the Caller, an average MfSu (D:3)
  A crocodile (Lair:2)
  An elf zombie (D:7)
  A big kobold (Sewer)
  8 giant frogs
  An elf skeleton (D:7)
  A gnoll sergeant (D:7)
  4 scorpions
  A troll zombie (D:7)
  13 killer bees
  7 wights (D:7)
  A giant frog zombie (D:7)
  5 crimson imps
  A goliath beetle (D:6)
  3 human zombies (D:7)
  6 hounds
  2 iguanas
  7 orc wizards
  5 worker ants
  8 orc priests
  6 sheep (Lair:1)
  A hound skeleton (D:5)
  12 gnolls
  9 adders
  11 river rats (Lair:1)
  A giant mite (D:3)
  5 worms
  A shadow imp (D:8)
  An adder skeleton (D:8)
  6 giant geckos
  2 oozes (D:4)
  39 orcs
  16 bats
  A bat skeleton (D:7)
  A bat zombie (D:6)
  16 hobgoblins
  9 jackals
  25 kobolds
  13 quokkas
  3 ball pythons
  7 giant cockroaches
  A giant gecko skeleton (D:4)
  3 giant newts
  A giant spore (D:6)
  15 goblins
  2 orc zombies (D:7)
  A quokka zombie (D:5)
  18 rats
  A ballistomycete (D:6)
354 creatures vanquished.

Vanquished Creatures (others)
  A fungus (Lair:1)
1 creature vanquished.

Grand Total: 355 creatures vanquished

Notes
Turn   | Place    | Note
--------------------------------------------------------------
     0 | D:1      | drasked, the Gargoyle Berserker, began the quest for the Orb.
     0 | D:1      | Reached XP level 1. HP: 14/14 MP: 1/1
     0 | D:1      | 0 ||| counter = 36
   297 | D:1      | Reached skill level 3 in Axes
   335 | D:1      | 335 ||| INVOKING Berserk.
   338 | D:1      | Reached XP level 2. HP: 19/19 MP: 2/2
   476 | D:1      | Reached XP level 3. HP: 20/23 MP: 3/3
   477 | D:1      | Acquired Trog's second power
   880 | D:1      | 880 ||| UPGRADING to leather armour.
   890 | D:1      | 890 ||| DROPPING +0 animal skin.
   891 | D:1      | 891 ||| UPGRADING to ring mail.
   901 | D:1      | 901 ||| DROPPING +0 leather armour.
   902 | D:1      | 902 ||| READING scroll labeled EXEUVA NEIQA.
   903 | D:1      | 903 ||| READING scroll labeled SMOUTE GIUDUXELOG.
   904 | D:1      | 904 ||| READING scroll labeled ICHUTU MYNNAULI.
   905 | D:1      | 905 ||| READING scroll labeled ZEISISTR OPRAXA.
   906 | D:1      | 906 ||| READING scroll labeled OSEMNECZYWK.
   907 | D:1      | 907 ||| READING scroll labeled GROCES VEKHI.
   908 | D:1      | 908 ||| READING scroll labeled KHELIN SHORATZ.
   947 | D:2      | 947 ||| STAIRDANCE
   961 | D:2      | Found a shattered altar of Ashenzari.
   984 | D:2      | Reached skill level 4 in Axes
  1086 | D:2      | Found a sacrificial altar of Ru.
  1134 | D:2      | 1134 ||| INVOKING Berserk.
  1194 | D:2      | 1194 ||| EATING beef jerky.
  1326 | D:2      | 1326 ||| INVOKING Berserk.
  1329 | D:2      | Reached XP level 4. HP: 28/28 MP: 4/4
  1414 | D:2      | Found a sparkling altar of Nemelex Xobeh.
  2217 | D:2      | 2217 ||| EATING beef jerky.
  2330 | D:2      | 2330 ||| READING scroll labeled POAPHO FEGU.
  2331 | D:2      | 2331 ||| DRINKING 2 golden potions.
  2332 | D:2      | 2332 ||| READING 3 scrolls of identify.
  2332 | D:2      | 2332 ||| IDENTIFYING dented sapphire amulet
  2333 | D:2      | 2333 ||| UPGRADING to amulet of warding.
  2334 | D:2      | 2334 ||| READING 2 scrolls of identify.
  2334 | D:2      | 2334 ||| IDENTIFYING knobbly onyx ring
  2440 | D:3      | 2440 ||| INVOKING Berserk.
  2444 | D:3      | Reached skill level 5 in Axes
  2449 | D:3      | Reached XP level 5. HP: 32/32 MP: 5/5
  2513 | D:3      | Noticed Emily's ghost (average MfSu)
  2519 | D:3      | 2519 ||| INVOKING Berserk.
  2522 | D:3      | Killed Emily's ghost
  2679 | D:3      | Found a glowing drain.
  2680 | D:3      | 2680 ||| Found Sewer.
  2680 | D:3      | 2680 ||| INVOKING Berserk.
  2685 | D:3      | Reached XP level 6. HP: 37/37 MP: 6/6
  2686 | D:3      | Reached skill level 6 in Axes
  2765 | D:3      | 2765 ||| INVOKING Berserk.
  2809 | Sewer    | Entered a sewer
  2810 | Sewer    | 2810 ||| Entered Sewer.
  2866 | Sewer    | 2866 ||| Stepping ~*~*~tactically~*~*~ (water).
  2879 | Sewer    | 2879 ||| Stepping ~*~*~tactically~*~*~ (water).
  2908 | Sewer    | Acquired Trog's third power
  2923 | Sewer    | Found a glowing silver altar of Zin.
  2961 | Sewer    | 2961 ||| READING scroll labeled NEAGYJU WUPOI.
  2962 | Sewer    | 2962 ||| DRINKING 2 bubbling coppery potions.
  2963 | Sewer    | 2963 ||| READING scroll of identify.
  2963 | Sewer    | 2963 ||| IDENTIFYING glowing wooden ring
  2964 | Sewer    | 2964 ||| DROPPING ring of stealth.
  2977 | D:3      | 2977 ||| UPGRADING to war axe.
  2978 | D:3      | 2978 ||| DROPPING +0 hand axe.
  3051 | D:3      | 3051 ||| INVOKING Berserk.
  3056 | D:3      | Reached XP level 7. HP: 22/41 MP: 7/7
  3081 | D:3      | 3081 ||| EATING 4 fruits.
  3204 | D:3      | 3204 ||| EATING 3 fruits.
  3364 | D:3      | Reached skill level 7 in Axes
  3377 | D:3      | Found a blossoming altar of Fedhas.
  3479 | D:3      | 3479 ||| INVOKING Berserk.
  3597 | D:3      | 3597 ||| EATING 2 fruits.
  3831 | D:3      | 3831 ||| UPGRADING to chain mail.
  3841 | D:3      | 3841 ||| DROPPING +0 ring mail.
  3842 | D:3      | 3842 ||| DRINKING 2 smoky grey potions.
  3937 | D:4      | 3937 ||| INVOKING Berserk.
  4066 | D:4      | Found a staircase to the Ecumenical Temple.
  4091 | D:4      | 4091 ||| INVOKING Berserk.
  4100 | D:4      | Reached skill level 3 in Armour
  4106 | D:4      | 4106 ||| EATING fruit.
  4270 | D:4      | Found a snail-covered altar of Cheibriados.
  4638 | D:4      | Reached skill level 8 in Axes
  4642 | D:4      | 4642 ||| INVOKING Berserk.
  4643 | D:4      | Reached XP level 8. HP: 48/48 MP: 8/8
  4649 | D:4      | 4649 ||| EATING 2 bread rations.
  4803 | D:5      | Entered Level 5 of the Dungeon
  4821 | D:5      | 4821 ||| INVOKING Berserk.
  4968 | D:5      | 4968 ||| INVOKING Berserk.
  5388 | D:5      | Reached skill level 9 in Axes
  5484 | D:5      | 5484 ||| INVOKING Berserk.
  5598 | D:5      | 5598 ||| EATING 3 fruits.
  5680 | D:5      | Found an opulent altar of Gozag.
  5767 | D:5      | 5767 ||| INVOKING Berserk.
  5902 | D:5      | 5902 ||| EATING 2 fruits.
  5924 | D:5      | 5924 ||| UPGRADING to glowing agate ring.
  5925 | D:5      | 5925 ||| READING 2 scrolls of remove curse.
  5926 | D:5      | 5926 ||| REMOVING -3 ring of intelligence.
  5927 | D:5      | 5927 ||| DROPPING -3 ring of intelligence.
  5928 | D:5      | 5928 ||| READING scroll labeled FEXKET ILOPIFI.
  5929 | D:5      | 5929 ||| READING scroll of identify.
  5929 | D:5      | 5929 ||| IDENTIFYING runed diamond ring
  5930 | D:5      | 5930 ||| UPGRADING to +3 ring of slaying {mikee}.
  5955 | D:6      | 5955 ||| INVOKING Berserk.
  5959 | D:6      | Reached skill level 10 in Axes
  5959 | D:6      | Reached XP level 9. HP: 53/53 MP: 9/9
  5970 | D:6      | 5970 ||| EATING fruit.
  6122 | D:6      | Received a gift from Trog
  6134 | D:6      | 6134 ||| UPGRADING to runed broad axe {god gift}.
  6135 | D:6      | 6135 ||| DROPPING +0 war axe.
  6308 | D:6      | Found a shimmering altar of Xom.
  6309 | D:6      | Noticed an angel
  6311 | D:6      | Found a glowing silver altar of Zin.
  6523 | D:6      | Found a burning altar of Makhleb.
  6533 | D:6      | Noticed a balrug
  6538 | D:6      | Noticed an orange demon
  6538 | D:6      | Noticed a smoke demon
  6796 | D:6      | 6796 ||| INVOKING Berserk.
  6852 | D:6      | 6852 ||| EATING 3 beef jerkies.
  6943 | D:6      | Found a runed door.
  7032 | D:6      | 7032 ||| READING scroll labeled VASMEU NA SCHESARA.
  7060 | D:6      | 7060 ||| READING 2 scrolls of identify.
  7060 | D:6      | 7060 ||| IDENTIFYING jade ring
  7061 | D:6      | 7061 ||| DROPPING ring of magical power.
  7062 | D:6      | 7062 ||| READING scroll of identify.
  7062 | D:6      | 7062 ||| IDENTIFYING twisted granite ring
  7063 | D:6      | 7063 ||| UPGRADING to ring of see invisible.
  7113 | D:7      | Reached skill level 11 in Axes
  7236 | D:7      | 7236 ||| INVOKING Berserk.
  7338 | D:7      | 7338 ||| INVOKING Berserk.
  7476 | D:7      | Found a radiant altar of Vehumet.
  7481 | D:7      | 7481 ||| INVOKING Berserk.
  7490 | D:7      | Reached XP level 10. HP: 48/60 MP: 10/10
  7508 | D:7      | 7508 ||| READING 3 scrolls of teleportation.
  7833 | D:7      | Reached skill level 6 in Fighting
  7958 | D:7      | Reached skill level 12 in Axes
  8029 | D:7      | Found a basalt altar of Yredelemnul.
  8173 | D:7      | 8173 ||| UPGRADING to runed ring mail.
  8183 | D:7      | 8183 ||| READING scroll of remove curse.
  8184 | D:7      | 8184 ||| UPGRADING to +0 chain mail.
  8194 | D:7      | 8194 ||| DROPPING -1 ring mail.
  8195 | D:7      | 8195 ||| UPGRADING to runed ring mail.
  8205 | D:7      | 8205 ||| UPGRADING to +0 chain mail.
  8215 | D:7      | 8215 ||| DROPPING +1 ring mail of poison resistance.
  8216 | D:7      | 8216 ||| READING 2 scrolls of identify.
  8216 | D:7      | 8216 ||| IDENTIFYING runed cabochon ring
  8217 | D:7      | 8217 ||| DROPPING cursed -3 ring of evasion.
  8244 | D:8      | Found a staircase to the Lair.
  8249 | D:8      | 8249 ||| INVOKING Berserk.
  8318 | D:8      | 8318 ||| UPGRADING to battleaxe.
  8319 | D:8      | 8319 ||| DROPPING +4 broad axe of flaming.
  8388 | D:8      | 8388 ||| INVOKING Berserk.
  8396 | D:8      | 8396 ||| EATING 2 beef jerkies.
  8760 | D:8      | Found a deep blue altar of Sif Muna.
  8808 | D:8      | 8808 ||| INVOKING Berserk.
  8811 | D:8      | Received a gift from Trog
  8849 | D:8      | 8849 ||| EATING beef jerky.
  8886 | D:8      | Found Shaekhle's General Store.
  9170 | D:8      | Reached skill level 13 in Axes
  9353 | D:8      | 9353 ||| DRINKING 2 coppery potions.
  9377 | Lair:1   | Entered Level 1 of the Lair of Beasts
  9378 | Lair:1   | 9378 ||| Entered L.
  9539 | Lair:1   | 9539 ||| INVOKING Berserk.
  9599 | Lair:1   | 9599 ||| EATING 6 fruits.
  9757 | Lair:1   | Noticed a black mamba
  9761 | Lair:1   | 9761 ||| INVOKING Berserk.
  9765 | Lair:1   | Killed a black mamba
  9765 | Lair:1   | Reached XP level 11. HP: 66/66 MP: 11/11
  9796 | Lair:1   | 9796 ||| EATING 5 fruits.
  9846 | Lair:1   | 9846 ||| INVOKING Berserk.
  9859 | Lair:1   | 9859 ||| READING 2 scrolls of teleportation.
  9962 | Lair:1   | Reached skill level 14 in Axes
 10415 | Lair:1   | 10415 ||| INVOKING Berserk.
 10439 | Lair:1   | 10439 ||| EATING 4 fruits.
 10538 | Lair:1   | 10538 ||| EATING 3 fruits.
 10694 | Lair:1   | 10694 ||| DRINKING 3 fuming white potions.
 10695 | Lair:1   | 10695 ||| READING 3 scrolls of identify.
 10695 | Lair:1   | 10695 ||| IDENTIFYING ruby potion
 10696 | Lair:1   | 10696 ||| READING 2 scrolls of identify.
 10696 | Lair:1   | 10696 ||| IDENTIFYING silvery potion
 10744 | Lair:2   | 10744 ||| INVOKING Berserk.
 10753 | Lair:2   | 10753 ||| EATING 2 fruits.
 10791 | Lair:2   | 10791 ||| EATING fruit.
 11145 | Lair:2   | 11145 ||| Stepping ~*~*~tactically~*~*~ (water).
 11146 | Lair:2   | 11146 ||| INVOKING Berserk.
 11153 | Lair:2   | HP: 24/100 [elephant (3)]
 11160 | Lair:2   | HP: 13/100 [elephant (11)]
 11163 | Lair:2   | 11163 ||| READING scroll of teleportation.
 11163 | Lair:2   | Slain by an elephant

Vault maps used:
D:1:      shiori_arrival_elements, minmay_misc_feat_roman
D:2:      nemelex_deck, nicolae_overflow_hidden_temple, lemuel_round_altar,
          supply_closet_lemuel
D:3:      nicolae_overflow_crystal_walls, portal_sewer_entry_a
D:4:      cheibriados_altar_1, minmay_temple_entry_grid
D:5:      kennysheep_mini, first_bread, kennysheep_doodads, st_stairs_5,
          wad_rectangle_vault
D:6:      grunt_temple_overflow_order_and_chaos_1, makhleb_altar_promises_db,
          hangedman_jelly_panic
D:7:      vehumet_crystals, lemuel_mausoleum_altar_yredelemnul,
          minmay_hedge_maze
D:8:      old_standard_altar, erik_lair_orcish_takeover, serial_shops, shop,
          grunt_ogre_cave
Lair:2:   beast_lair_carwin_11, infiniplex_staircase_pool_2,
          serial_bayou_shore_a, uniq_prince_ribbit2
Sewer:    sewer_kobolds

Action                   |  1- 3 |  4- 6 |  7- 9 | 10-12 || total
-------------------------+-------+-------+-------+-------++-------
Melee: Hand axe          |   126 |   190 |       |       ||   316
       War axe           |       |    10 |   286 |       ||   296
       Broad axe         |       |       |    96 |    83 ||   179
       Battleaxe         |       |       |       |   228 ||   228
Throw: Tomahawk          |       |       |    60 |   119 ||   179
Invok: Berserk           |     3 |     5 |    13 |     9 ||    30
  Use: Scroll            |     7 |     5 |     6 |     7 ||    25
       Potion            |       |     2 |     1 |     2 ||     5
  Eat: Chunk             |     2 |     9 |    17 |    12 ||    40
       Beef jerky        |     1 |     1 |     1 |     2 ||     5
       Fruit             |       |       |     7 |     6 ||    13
       Bread ration      |       |       |     1 |       ||     1
